Map: Persephone LE

Players

Zoun - Winner!

  • Race: Protoss Protoss
  • League: Master
  • Spawn Location: 11:00

HeroMarine

  • Race: Terran Terran
  • Spawn Location: 7:00

Event: HomeStory Cup XXVII

VOD

Have the link to the VOD?

Description

Time

  • Played on: June 29, 2025, 8:47 a.m.
  • Length: 8:38

All games in this series

Show
View Real Time Build Order
Export as new Build Order

Zoun Protoss - Winner!

Build Orders: 1 Gate Expand, Phoenix Opening, Blink Stalkers 

Get SALT Encoding   

  12  0:00  Probe  
  13  0:12  Probe  
  14  0:17  Pylon  
  14  0:23  Probe  
  15  0:31  Probe  
  16  0:35  Gateway  
  16  0:39  Probe  
  16  0:45  Assimilator  
  17  0:51  Probe  
  18  1:03  Probe  
  19  1:15  Probe  
  20  1:22  Cybernetics Core  
  20  1:33  Nexus  
  20  1:41  Pylon  
  20  1:42  Probe  
  21  1:49  Stalker  
  21  1:50  Assimilator  
  21  1:55  Probe  
  24  2:03  Warp Gate  
  24  2:07  Probe  
  24  2:16  Phoenix  
  24  2:17  Sentry  
  24  2:19  Probe  
  27  2:31  Probe  
  28  2:40  Shield Battery, Twilight Council  
  28  2:42  Probe  
  28  2:43  Probe  
  29  2:44  Stalker  
  32  2:53  Probe, Blink  
  32  2:56  Probe  
  34  3:03  Probe  
  35  3:08  Probe  
  35  3:09  Gateway  
  36  3:15  Probe  
  37  3:20  Probe  
  38  3:27  Probe  
  38  3:32  Probe  
  38  3:34  Gateway  
  40  3:39  Probe  
  40  3:40  Robotics Facility  
  41  3:44  Probe  
  41  3:47  Pylon  
  42  3:51  Probe, Stalker  
  45  3:56  Probe  
  46  4:05  Shield Battery, Stalker  
  46  4:07  Probe  
  49  4:10  Assimilator  
  49  4:13  Probe  
  49  4:16  Stalker  
  49  4:17  Pylon  
  52  4:24  Probe  
  52  4:27  Observer  
  54  4:35  Stalker x2  
  58  4:45  Nexus  
  58  4:46  Probe  
  58  4:47  Pylon, Probe  
  60  4:56  Stalker  
  60  4:58  Probe  
  55  5:03  Probe  
  56  5:08  Stalker  
  56  5:10  Probe  
  59  5:16  Probe  
  60  5:22  Probe  
  60  5:26  Stalker  
  60  5:28  Probe, Charge  
  63  5:32  Pylon  
  63  5:34  Probe  
  65  5:40  Robotics Bay  
  65  5:41  Probe  
  66  5:46  Probe  
  66  5:49  Observer  
  65  5:53  Probe  
  66  5:58  Probe  
  66  5:59  Probe  
  68  6:04  Observer  
  68  6:05  Probe  
  68  6:06  Gateway x2  
  68  6:08  Observer  
  68  6:09  Forge  
  68  6:10  Colossus, Probe, Stalker  
  72  6:11  Probe  
  72  6:15  Stalker  
  72  6:17  Probe  
  76  6:26  Extended Thermal Lance  
  76  6:27  Probe x2  
  76  6:32  Gateway  
  84  6:33  Gateway  
  84  6:34  Protoss Ground Weapons Level 1  
  84  6:35  Observer  
  84  6:39  Probe  
  85  6:45  Observer, Shield Battery  
  85  6:48  Observer  
  85  6:52  Probe x2  
  85  6:53  Pylon  
  87  6:57  Gateway  
  87  6:59  Colossus  
  87  7:00  Observer  
  87  7:03  Observer  
  87  7:04  Probe x3  
  90  7:10  Observer  
  96  7:17  Pylon  
  96  7:22  Pylon, Nexus  
  96  7:24  Zealot x2  
  96  7:27  Pylon  
  96  7:29  Pylon  
  100  7:33  Pylon  
  100  7:37  Gateway, Stalker  
  102  7:39  Gateway  
  102  7:44  Immortal  
  102  7:45  Observer  
  102  7:46  Stalker x3  
  108  7:58  Zealot x4  
  118  8:01  Probe x2  
  122  8:06  Zealot  
  122  8:10  Zealot x3  
  130  8:23  Zealot x4  
Show
View Real Time Build Order
Export as new Build Order

HeroMarine Terran 

Build Orders:  

Get SALT Encoding   

  12  0:00  SCV  
  13  0:12  SCV  
  14  0:16  Supply Depot  
  14  0:24  SCV  
  15  0:38  SCV  
  15  0:39  Barracks  
  16  0:43  Refinery  
  16  0:50  SCV  
  16  0:52  Refinery  
  17  1:02  SCV  
  18  1:14  SCV  
  19  1:27  Orbital Command, Reaper  
  20  1:42  Supply Depot, Factory  
  20  1:47  Supply Depot  
  20  1:52  SCV  
  21  1:59  Reaper  
  22  2:04  SCV  
  23  2:16  SCV  
  23  2:20  Command Center  
  24  2:26  Hellion  
  24  2:28  SCV  
  27  2:31  Barracks Reactor  
  27  2:40  SCV  
  27  2:43  Starport  
  28  2:47  Factory Tech Lab  
  28  2:50  Supply Depot  
  28  2:52  SCV  
  29  3:04  SCV  
  30  3:09  Marine  
  30  3:11  Marine  
  30  3:12  Cyclone  
  35  3:17  SCV  
  36  3:21  Medivac  
  37  3:27  Marine  
  37  3:31  Marine  
  37  3:32  SCV  
  37  3:34  Orbital Command  
  40  3:45  Siege Tank, SCV  
  40  3:46  Marine  
  45  3:49  Marine  
  45  3:54  Starport Tech Lab  
  46  3:57  SCV, Medivac  
  46  4:02  Supply Depot  
  49  4:03  SCV  
  49  4:04  Marine  
  49  4:07  Marine  
  49  4:09  SCV  
  53  4:12  Supply Depot  
  53  4:15  SCV  
  54  4:24  Marine, SCV  
  55  4:25  Marine  
  55  4:27  Supply Depot, SCV  
  55  4:29  Siege Tank  
  61  4:32  Starport Tech Lab  
  61  4:36  SCV  
  62  4:39  Barracks, SCV  
  62  4:42  Marine  
  62  4:43  Marine  
  65  4:48  SCV  
  65  4:51  SCV  
  65  4:52  Barracks  
  67  5:00  SCV  
  67  5:02  Marine x2  
  67  5:03  SCV  
  66  5:09  Siege Tank  
  66  5:12  Engineering Bay, SCV  
  57  5:15  SCV  
  57  5:16  Refinery  
  58  5:22  Barracks x2, Marine  
  58  5:23  Marine  
  58  5:24  SCV  
  58  5:27  SCV  
  62  5:34  Refinery  
  62  5:36  Marauder, Starport Reactor, SCV  
  62  5:39  SCV  
  62  5:40  Terran Infantry Weapons Level 1  
  66  5:45  Marine x2  
  66  5:48  SCV  
  66  5:51  SCV  
  66  5:54  Marauder  
  66  5:57  Marine  
  64  6:00  SCV  
  64  6:03  Marine x2, SCV  
  65  6:08  Factory Tech Lab  
  65  6:09  Marine  
  66  6:13  SCV  
  66  6:14  Barracks Tech Lab  
  66  6:15  Marauder x2  
  66  6:16  SCV  
  70  6:20  Marine  
  70  6:21  Marine  
  72  6:29  Siege Tank  
  72  6:30  Medivac  
  72  6:31  Barracks Tech Lab  
  72  6:32  Medivac  
  78  6:35  Stimpack, Marine  
  78  6:36  Supply Depot, Marine x2  
  78  6:37  Supply Depot  
  78  6:38  Marine  
  82  6:40  Marine  
  82  6:46  Supply Depot  
  81  6:53  Marine  
  80  6:54  Marine x3  
  80  6:56  Marine, Combat Shield  
  80  6:57  Marine  
  84  7:01  Siege Tank  
  87  7:09  Supply Depot  
  87  7:11  Marine  
  87  7:12  Marine x3  
  87  7:14  Marine, Medivac  
  87  7:15  Marine  
  94  7:17  Medivac  
  97  7:26  Supply Depot  
  97  7:29  Marine  
  98  7:30  Marine x3  
  98  7:32  Marine  
  98  7:33  Marine  
  98  7:36  Supply Depot, Siege Tank  
  104  7:46  Marine  
  104  7:47  Marine  
  104  7:48  Marine x2  
  104  7:49  Marine  
  104  7:51  Marine  
  106  7:56  Viking x2  
  111  8:03  Supply Depot  
  111  8:04  Marine  
  112  8:05  Marine  
  112  8:06  Marauder, Marine  
  112  8:07  Marine  
  120  8:15  Marine  
Tags
 
Add a new tag
Caveats
  • Supply blocks, unpowered buildings, or Contaminate may cause inaccurate times.
  • Supply counts are checked every 10 seconds.